 Dungeon Crawl Stone Soup version 0.31.0-9-g3a7656b989 (webtiles) character file.

Game seed: 7976161128721981878

40072 MacCMillion the Summoner (level 13, -12/72 HPs)
             Began as a Felid Summoner on Jan 29, 2024.
             Was a High Priest of Kikubaaqudgha.
             Mangled by a komodo dragon (23 damage)
             ... on level 4 of the Lair of Beasts.
             The game lasted 01:14:52 (24708 turns).

MacCMillion the Summoner (Felid Summoner)          Turns: 24708, Time: 01:14:53

Health: -12/72     AC:  3    Str:  4    XL:     13   Next: 72%
Magic:  18/28      EV: 23    Int: 30    God:    Kikubaaqudgha [*****.]
Gold:   2109       SH:  0    Dex: 17    Spells: 13/33 levels left
                                        Lives:  0   Deaths: 3

rFire   . . .        (weapon unavailable)
rCold   + . .        (shield unavailable)
rNeg    . . .        (body armour unavailable)
rPois   +            (helmet unavailable)
rElec   .            (cloak unavailable)
rCorr   .            (gloves unavailable)
SInv    +            (boots unavailable)
Will    +....        z - amulet of faith
Stlth   ++           t - ring of poison resistance
HPRegen 0.32/turn    L - +6 ring of intelligence
MPRegen 0.21/turn

%: faith
@: unable to call your familiar
A: very small, claws 1, fangs 3, see invisible, shaggy fur 3, stealthy paws, no
weapons or thrown items, no armour, multi-lived
a: Renounce Religion, Unearth Wretches, Torment


You were on level 4 of the Lair of Beasts.
You worshipped Kikubaaqudgha.
Kikubaaqudgha was extremely pleased with you.
You visited 3 branches of the dungeon, and saw 16 of its levels.
You also visited: Ossuary and Bailey.

You collected 2373 gold pieces.
You spent 264 gold pieces at shops.

Inventory:

Jewellery
 t - a ring of poison resistance (left paw)
 x - an amulet of regeneration
 z - an amulet of faith (around neck)
 F - a ring of fire
 J - a ring of protection from cold
 K - a ring of flight
 L - a +6 ring of intelligence (right paw)
Wands
 d - a wand of flame (41)
 n - a wand of charming (18)
 r - a wand of roots (19)
 I - a wand of mindburst (8)
 O - a wand of polymorph (5)
Scrolls
 b - 3 scrolls of amnesia
 f - 2 scrolls of enchant weapon
 g - 2 scrolls of silence
 h - 2 scrolls of blinking
 k - a scroll of revelation
 m - 2 scrolls of brand weapon
 q - 6 scrolls of teleportation
 s - 2 scrolls of noise
 u - 2 scrolls of vulnerability
 v - 4 scrolls of poison
 y - 2 scrolls of fog
 B - 3 scrolls of fear
 D - 3 scrolls of enchant armour
 G - 2 scrolls of torment
 M - a scroll of immolation
 N - 3 scrolls of identify
Potions
 a - 3 potions of magic
 c - 10 potions of curing
 e - 4 potions of attraction
 i - 6 potions of lignification
 j - 5 potions of ambrosia
 l - a potion of might
 o - 4 potions of heal wounds
 p - 5 potions of brilliance {unknown}
 w - 3 potions of berserk rage
 A - 2 potions of mutation {unknown}
 C - 3 potions of haste
 E - a potion of cancellation {unknown}
 H - 12 potions of degeneration


   Skills:
 - Level 10.0 Fighting
 - Level 10.0 Dodging
 - Level 2.6 Stealth
 - Level 10.5 Spellcasting
 - Level 8.0 Hexes
 - Level 11.0 Summonings
 + Level 9.9 Necromancy
 - Level 5.0 Fire Magic
 - Level 5.0 Air Magic
 - Level 5.0 Evocations


You had 13 spell levels left.
You knew the following spells:

 Your Spells              Type           Power      Damage    Failure   Level
a - Summon Small Mammal   Summ           100%       N/A       1%          1
b - Call Canine Familiar  Summ           69%        N/A       1%          3
c - Summon Blazeheart Go  Fire/Summ      59%        N/A       1%          4
d - Summon Lightning Spi  Summ/Air       59%        N/A       1%          4
e - Anguish               Hex/Necr       31%        N/A       1%          4
f - Martyr's Knell        Necr/Summ      68%        N/A       1%          4

Your spell library contained the following spells:

 Spells                   Type           Power      Damage    Failure   Level
 Kiss of Death            Conj/Necr      100%       2d13      1%          1
 Necrotise                Necr           100%       1d9       1%          1
 Call Imp                 Summ           100%       N/A       1%          2
 Ensorcelled Hibernation  Hex/Ice        78%        N/A       1%          2
 Sublimation of Blood     Necr           66%        N/A       1%          2
 Fugue of the Fallen      Necr           66%        N/A       1%          3
 Vampiric Draining        Necr           66%        2d10      1%          3
 Dispel Undead            Necr           66%        3d23      1%          4
 Curse of Agony           Necr           66%        N/A       1%          5
 Magic Dart               Conj           60%        1d6       3%          1
 Lesser Beckoning         Tloc           30%        N/A       4%          2
 Searing Ray              Conj           30%        2d5       4%          2
 Gell's Gravitas          Tloc           15%        N/A       10%         3
 Ozocubu's Armour         Ice            15%        N/A       10%         3
 Teleport Other           Tloc           15%        N/A       10%         3
 Ignite Poison            Fire/Alch      30%        N/A       12%         4
 Sticky Flame             Fire/Alch      30%        2d7       12%         4
 Borgnjor's Vile Clutch   Necr/Erth      22%        N/A       12%         5
 Fulminant Prism          Conj/Alch      7%         3d7       32%         4
 Manifold Assault         Tloc           15%        N/A       32%         4
 Ignition                 Fire           22%        3d8       100%        8


Dungeon Overview and Level Annotations

Branches:
Dungeon (11/15)            Temple (1/1) D:4            Lair (4/5) D:10
  Swamp (0/4) Lair:3       Spider (0/4) Lair:2          Orc (0/2) D:10
Ossuary (visited)          Bailey (visited)
  Slime: Lair:4-5

Altars:
Ashenzari
Cheibriados
Dithmenos
Elyvilon
Fedhas
Gozag
Hepliaklqana
Kikubaaqudgha
Makhleb
Nemelex Xobeh
Okawaru
Qazlal
Ru
Sif Muna
Trog
Uskayaw
Vehumet
Wu Jian
Xom
Yredelemnul
Zin
The Shining One
Jiyva

Shops:
D:1 *(!   D:6 [:=

Annotations:
D:2 1 runed translucent door, Crazy Yiuf
D:8 exclusion: steam dragon
D:10 2 transporters, 3 runed translucent doors, dvd2's ghost, journeyman DsNe
D:11 Lodul


Innate Abilities, Weirdness & Mutations

You have sharp claws.
You have razor-sharp teeth.
You have supernaturally acute eyesight. (SInv)
Your thick and shaggy fur keeps you warm. (AC +3, rC+)
Your paws help you pounce on unaware monsters.
You are incapable of wielding weapons or throwing items.
You cannot wear armour.
You gain extra lives every three experience levels.


Message History

The elephant tramples your blazeheart golem!
Your blazeheart golem stumbles backwards!
Your blazeheart golem falls apart, revealing its core!
Your blazeheart core explodes!
The fiery explosion engulfs the elephant!!
The elephant is engulfed in blazing flames.
You kill the elephant!
Kikubaaqudgha accepts your kill. The elephant tramples you!
You hold your ground!
The elephant trunk-slaps you.
You hear a trumpeting! x3
Training target 10.0 for Dodging reached!
Your Dodging skill increases to level 10!
Unknown command.
The elephant attacks as it pursues you! The elephant misses you.
The elephant trunk-slaps you.
The komodo dragon attacks as it pursues you!
The komodo dragon completely misses you.
The elephant is engulfed in blazing flames.
The elephant closely misses you. The elephant barely misses you.
Casting: Summon Blazeheart Golem (dangerous; 1% risk of failure)
Confirm with . or Enter, or press ? or * to list all spells.
A fiery spirit appears, bound in slag iron.
The komodo dragon bites you! The elephant tramples you!
* * * LOW HITPOINT WARNING * * *
You stumble backwards!
Found a scroll of identify.
The elephant attacks as it pursues you! The elephant tramples you!
* * * LOW HITPOINT WARNING * * *
You stumble backwards!
Your blazeheart golem punches the komodo dragon!
Your blazeheart golem's core grows cold and it stops moving.
The elephant attacks as it pursues you! The elephant completely misses you.
The elephant trunk-slaps you.
* * * LOW HITPOINT WARNING * * *
Casting: Summon Blazeheart Golem (dangerous; 1% risk of failure)
Confirm with . or Enter, or press ? or * to list all spells.
You don't know that spell.
The komodo dragon bites you!!
You die...
Kikubaaqudgha rasps: "You have failed me!
Welcome... death!"

.?..... #.......... .....
######.##.. ...# #...## ###.P#
####...## ##.Y..## #.#.#...#
####..#.#.### #..#..P.#
#.....Y.Y...#####........
###.†..9Yl.....##..........
###..#......@.>..##.#........
#................#..#........
+...##...............#.h......
##.. ##.............##Y###..##
## ###...##..#...#.Y# ####
##..###.###....###
#...###.##.......#
#........Y....l#...#
##.............#..P#


You could see 4 elephants, a komodo dragon and a friendly blazeheart golem
(summoned, paralysed).

Vanquished Creatures
  3 hydras (Lair:3)
  2 boulder beetles (D:11)
  Erica (D:9)
  3 two-headed ogres
  A skyshark (Lair:3)
  Pikel (D:7)
  An ugly thing (D:11)
  An orc knight (D:11)
  2 black mambas
  9 elephants
  A cane toad (Lair:2)
  A rime drake (Lair:1)
  An unseen horror (D:11)
  2 komodo dragons
  2 trolls
  A tyrant leech (Lair:3)
  A hornet (D:5)
  Grinder (D:6)
  A centaur simulacrum (D:11)
  2 culicivoras (Lair:2)
  15 yaks
  Grum (D:8)
  3 swamp worms (Lair:3)
  2 water moccasins
  A sky beast (D:8)
  2 ogres (D:11)
  3 wolves
  2 lemures (D:7)
  A kobold brigand (D:8)
  2 bullfrogs
  A scorpion (D:10)
  A killer bee (D:9)
  2 electric eels
  An orc priest (D:10)
  An orc wizard (D:11)
  A nameless horror (D:11)
  An adder (D:6)
  2 orcs
  A bat (D:3)
  A goblin (D:10)
  A quokka (D:2)
82 creatures vanquished.

Vanquished Creatures (collateral kills)
  Harold (D:11)
  A catoblepas (Lair:4)
  2 death yaks (Lair:4)
  A deep elf pyromancer (D:9)
  2 elephants (Lair:3)
  A manticore (D:11)
  A torpor snail (Lair:4)
  A black mamba (Lair:1)
  A cane toad (Lair:1)
  A gargoyle (D:10)
  Jeremiah (D:8)
  An efreet (D:11)
  2 rime drakes (Lair:3)
  3 komodo dragons
  2 trolls
  2 polar bears (Lair:4)
  Prince Ribbit (D:7)
  2 hornets
  A culicivora (Lair:2)
  Sigmund (D:5)
  A slime creature (D:8)
  A shadow (D:11)
  4 wyverns
  23 yaks
  2 steam dragons
  2 basilisks
  2 vampire mosquitoes (D:11)
  14 water moccasins
  A swamp drake (D:10)
  A sky beast (D:7)
  5 orc warriors
  2 black bears
  28 wolves
  2 ice beasts
  2 ogres
  4 centaurs
  8 kobold brigands
  10 bullfrogs
  4 scorpions
  A wight (D:7)
  7 killer bees
  4 howler monkeys (D:9)
  A bombardier beetle (D:6)
  2 jellies
  4 orc priests
  2 gnoll boudas
  5 hounds
  A sleepcap (D:7)
  6 iguanas
  6 orc wizards
  8 mummies (Ossuary)
  Robin (D:3)
  5 gnolls (D:9)
  11 adders
  A ribbon worm zombie (D:7)
  2 white imps
  A ribbon worm (D:2)
  42 orcs
  3 ball pythons
  7 bats
  6 endoplasms
  A giant cockroach (D:3)
  2 gnoll zombies (Ossuary)
  12 goblins
  9 hobgoblins
  A quokka (D:4)
  3 frilled lizards
  2 hobgoblin zombies (Ossuary)
  13 kobolds
  2 kobold zombies (Ossuary)
  3 orc zombies
  6 rats
324 creatures vanquished.

Vanquished Creatures (others)
  A black mamba (Lair:2)
  A water moccasin (Lair:3)
  4 wolves
  A bullfrog (Lair:3)
  An orc wizard (D:10)
  A goblin (D:3)
  70 blazeheart cores
79 creatures vanquished.

Grand Total: 485 creatures vanquished

Notes
Turn   | Place    | Note
-------+----------+-------------------------------------------
     0 | D:1      | MacCMillion the Felid Summoner began the quest for the Orb.
     0 | D:1      | Reached XP level 1. HP: 9/9 MP: 4/4
   165 | D:1      | Found Vopsum's Distillery.
   244 | D:1      | Found Xinarch's Weapon Shop.
   313 | D:1      | Reached XP level 2. HP: 13/13 MP: 4/6
   379 | D:1      | Found Hyiduosm's Assorted Antiques.
  1252 | D:2      | Reached XP level 3. HP: 15/16 MP: 1/8
  1418 | D:2      | Learned a level 3 spell: Call Canine Familiar
  1756 | D:2      | Found a runed translucent door.
  1757 | D:2      | Noticed Crazy Yiuf
  2270 | D:3      | Reached XP level 4. HP: 21/21 MP: 2/9
  2270 | D:3      | Gained a life (2 lives remaining)
  2633 | D:3      | Reached skill level 5 in Summonings
  2789 | D:3      | Noticed Robin
  2797 | D:3      | Killed Robin
  2798 | D:3      | Reached skill level 1 in Fire Magic
  3446 | D:4      | Reached XP level 5. HP: 24/24 MP: 5/11
  3879 | D:4      | Found a hazy altar of Hepliaklqana.
  3987 | D:4      | Identified the +6 hand axe of Wisdom {flame, rN+}
  4041 | D:4      | Noticed an ogre
  4058 | D:4      | Killed an ogre
  4059 | D:4      | Gained mutation: You are covered in thick fur. (AC +2)
                  | [Felid growth]
  4059 | D:4      | Reached XP level 6. HP: 28/28 MP: 10/12
  4141 | D:4      | Found a staircase to the Ecumenical Temple.
  4240 | Temple   | Entered the Ecumenical Temple
  4247 | Temple   | Became a worshipper of Kikubaaqudgha
  4303 | D:5      | Entered Level 5 of the Dungeon
  4333 | D:5      | Noticed a hornet
  4401 | D:5      | Slain by a hornet
  4401 | D:5      | Lost a life (1 life remaining)
  4546 | D:5      | Killed a hornet
  4547 | D:5      | Reached XP level 7. HP: 32/32 MP: 3/14
  4547 | D:5      | Gained a life (2 lives remaining)
  4635 | D:5      | Learned a level 4 spell: Summon Blazeheart Golem
  4640 | D:5      | Learned a level 4 spell: Summon Lightning Spire
  5005 | D:5      | Reached skill level 6 in Summonings
  5028 | D:5      | Noticed Sigmund
  5097 | D:5      | Killed Sigmund
  5098 | D:5      | Reached skill level 1 in Fighting
  5098 | D:5      | Reached skill level 1 in Air Magic
  5359 | D:5      | Reached XP level 8. HP: 39/39 MP: 12/16
  5528 | D:5      | Reached skill level 5 in Fire Magic
  5877 | D:6      | Noticed Grinder
  5931 | D:6      | Killed Grinder
  5932 | D:6      | Reached skill level 5 in Spellcasting
  6252 | D:6      | Found Luodery's Antique Armour Shop.
  6503 | D:6      | Found Uvyv's Jewellery Emporium.
  6544 | D:6      | Found Masem's Book Emporium.
  7034 | D:6      | Reached skill level 7 in Summonings
  7265 | D:6      | You fall into a shaft and drop 2 floors!
  7345 | D:8      | Noticed Grum
  7358 | D:8      | Reached * piety under Kikubaaqudgha
  7358 | D:8      | Received a gift from Kikubaaqudgha
  7379 | D:8      | Killed Grum
  7380 | D:8      | Reached XP level 9. HP: 40/45 MP: 6/18
  7588 | D:7      | Noticed Prince Ribbit
  7598 | D:7      | Killed Prince Ribbit
  7785 | D:7      | Noticed Pikel
  7793 | D:7      | Killed Pikel
  7928 | D:7      | Reached skill level 5 in Fighting
  7935 | D:7      | Found a sand-covered staircase.
  7953 | Ossuary  | Entered an ossuary
  7990 | Ossuary  | Reached ** piety under Kikubaaqudgha
  8012 | Ossuary  | Reached skill level 8 in Summonings
  9442 | D:7      | Found a sacrificial altar of Ru.
  9753 | D:6      | Reached skill level 5 in Air Magic
 10123 | D:8      | Found a bloodstained altar of Trog.
 10123 | D:8      | Noticed Jeremiah
 10162 | D:8      | Found a shadowy altar of Dithmenos.
 10492 | D:8      | Reached XP level 10. HP: 53/53 MP: 5/21
 10841 | D:8      | Killed Jeremiah
 11025 | D:9      | Noticed Erica
 11050 | D:9      | Killed Erica
 11129 | D:9      | Reached skill level 9 in Summonings
 11624 | D:9      | Noticed a deep elf pyromancer
 11639 | D:9      | Killed a deep elf pyromancer
 11864 | D:6      | Bought a book of Dreams for 264 gold pieces
 11870 | D:6      | Learned a level 4 spell: Anguish
 12175 | D:6      | Found Masem's Book Emporium.
 12211 | D:6      | Found Uvyv's Jewellery Emporium.
 12577 | D:6      | Found Luodery's Antique Armour Shop.
 13265 | D:9      | Noticed a two-headed ogre
 13275 | D:9      | Killed a two-headed ogre
 13276 | D:9      | Reached skill level 1 in Necromancy
 13276 | D:9      | Reached skill level 1 in Evocations
 13828 | D:10     | Entered Level 10 of the Dungeon
 13910 | D:10     | Reached XP level 11. HP: 58/58 MP: 13/24
 14052 | D:10     | Found a flagged portal.
 14095 | D:10     | Reached *** piety under Kikubaaqudgha
 14095 | D:10     | Received a gift from Kikubaaqudgha
 14145 | Bailey   | Entered a bailey
 14517 | Bailey   | Found an iron altar of Okawaru.
 14696 | D:10     | Found a transporter.
 14697 | D:10     | Found a runed translucent gate.
 14697 | D:10     | Found a runed translucent gate.
 14697 | D:10     | Found a runed translucent gate.
 14698 | D:10     | Found a viscous altar of Jiyva.
 14698 | D:10     | Noticed a glowing orange brain
 14698 | D:10     | Noticed dvd2's ghost (journeyman DsNe)
 14712 | D:10     | Found a transporter.
 14714 | D:10     | Found a viscous altar of Jiyva.
 14884 | D:10     | Reached skill level 10 in Summonings
 15197 | D:10     | Found a staircase to the Orcish Mines.
 15372 | D:10     | Found a staircase to the Lair.
 15713 | D:11     | Reached skill level 5 in Hexes
 15773 | D:11     | Reached **** piety under Kikubaaqudgha
 15824 | D:11     | Noticed a two-headed ogre
 15832 | D:11     | Killed a two-headed ogre
 16001 | D:11     | HP: 1/60 [manticore/volley of spikes (8)]
 16513 | D:11     | Noticed Harold
 16531 | D:11     | Killed Harold
 16859 | D:11     | Noticed a cyan ugly thing
 16886 | D:11     | Killed a cyan ugly thing
 17270 | D:11     | Noticed a two-headed ogre
 17554 | D:11     | Noticed an orc knight
 17564 | D:11     | Noticed a boulder beetle
 17572 | D:11     | Killed an orc knight
 17573 | D:11     | Gained mutation: Your thick and shaggy fur keeps you warm.
                  | (AC +3, rC+) [Felid growth]
 17573 | D:11     | Reached XP level 12. HP: 65/65 MP: 20/26
 17583 | D:11     | Reached skill level 5 in Evocations
 17594 | D:11     | Noticed a boulder beetle
 17595 | D:11     | Killed a boulder beetle
 17603 | D:11     | Killed a boulder beetle
 17829 | D:11     | Killed a two-headed ogre
 17830 | D:11     | Reached skill level 5 in Necromancy
 17964 | D:11     | Noticed Lodul
 18078 | Lair:1   | Entered Level 1 of the Lair of Beasts
 18473 | Lair:1   | Learned a level 4 spell: Martyr's Knell
 18490 | Lair:1   | Reached skill level 11 in Summonings
 18725 | Lair:1   | Reached ***** piety under Kikubaaqudgha
 19468 | Lair:1   | Reached skill level 10 in Spellcasting
 20275 | Lair:2   | Reached skill level 10 in Fighting
 20672 | Lair:2   | Found a hole to the Spider Nest.
 21579 | Lair:3   | Reached XP level 13. HP: 72/72 MP: 18/28
 21804 | Lair:3   | Reached skill level 5 in Dodging
 23153 | Lair:3   | Killed by an exploding blazeheart core
 23153 | Lair:3   | Lost a life (1 life remaining)
 23394 | Lair:3   | Found a staircase to the Swamp.
 24676 | Lair:4   | Slain by an elephant
 24676 | Lair:4   | Lost a life (0 lives remaining)
 24703 | Lair:4   | Reached skill level 10 in Dodging
 24708 | Lair:4   | Mangled by a komodo dragon

Illustrated notes

Levels and vault maps discovered:
D:1:      wander_arrival_estate, layout_loops_ring, serial_shops,
          nicolae_shop_bloodbath_and_beyond, nicolae_shop_statue_plus,
          nicolae_shop_rolling_square, minmay_misc_feat_ornament,
          minmay_misc_feat_more_columns
D:2:      layout_loops_ring, uniq_crazy_yiuf_cottage
D:3:      minmay_general_purpose_star, layout_loops_ring, uniq_robin
D:4:      layout_loops_ring, mainiacjoe_overflow_concentric_impassable,
          minmay_temple_entry_poolview
D:5:      layout_gridville, uniq_sigmund
D:6:      layout_layer_cave, serial_shops, nicolae_shop_gaudy_bauble,
          nicolae_shop_behind_doors, shop, grunt_ministairs_1, uniq_grinder
D:7:      kennysheep_spiral_hall, layout_layer_cave,
          nicolae_ru_the_path_less_chosen, enter_ossuary_3, uniq_pikel,
          uniq_prince_ribbit1
D:8:      layout_loops_ring, mainiacjoe_overflow_catwalk_spiral,
          minmay_manual_mess, uniq_jeremiah, uniq_grum
D:9:      layout_loops_ring, serial_rivers, chequers_serial_rivers_micro_a,
          chequers_serial_rivers_room_b, chequers_serial_rivers_micro_e,
          chequers_serial_rivers_micro_e, chequers_serial_rivers_micro_a,
          guppyfry_early_elven_hall, uniq_erica
D:10:     gammafunk_jiyva_shrine, layout_irregular_city,
          grunt_lair_entry_orc_guard_hut, erik_orc_1, gammafunk_ghost_ooze,
          enter_bailey_5
D:11:     minmay_the_grid_triangle_9x9_recursive_3_mashed
          [minmay_the_grid_triangle_9x9_swiss_cheese,
          minmay_the_grid_triangle_9x9_shrine,
          minmay_the_grid_triangle_9x9_descending_squares,
          minmay_the_grid_triangle_9x9_prize_insulated,
          minmay_the_grid_triangle_9x9_semitri,
          minmay_the_grid_triangle_9x9_minimal,
          minmay_the_grid_triangle_9x9_zippers_horizontal,
          minmay_the_grid_triangle_9x9_zippers_vertical,
          minmay_the_grid_triangle_9x9_sparse_checkered], layout_loops_ring,
          uniq_lodul, uniq_harold
Temple:   nicolae_temple_no_exploring_needed
Lair:1:   layout_loops_ring
Lair:2:   layout_regular_city, hellmonk_spider_entry_life_and_decay,
          serial_bayou_pond_b, beast_lair_carwin_5
Lair:3:   layout_roguey, palyth_hydra_swamp_entry
Lair:4:   layout_roguey, nicolae_lair_run_with_the_wolves, serial_bayou_shore_a

Skill      XL: |  1  2  3  4  5  6  7  8  9 10 11 12 13 |
---------------+----------------------------------------+-----
Spellcasting   | 3 4 5 7 8 9 10 | 10.5
Summonings     | 5 6 7 8 9 10 11 | 11.0
Fire Magic     | 1 2 3 4 5 |  5.0
Fighting       | 1 4 5 7 8 10 | 10.0
Air Magic      | 1 3 5 |  5.0
Hexes          | 3 6 8 |  8.0
Necromancy     | 1 4 7 9 |  9.9
Evocations     | 2 4 5 |  5.0
Dodging        | 4 10 | 10.0
Stealth        | |  2.6

Action                     |  1- 3 |  4- 6 |  7- 9 | 10-12 | 13-15 || total
---------------------------+-------+-------+-------+-------+-------++-------
  Melee: Unarmed           |     7 |     3 |     6 |    53 |     6 ||    75
         Bite              |       |     1 |     1 |     3 |     2 ||     7
         Punch             |       |       |       |     1 |       ||     1
   Cast: Summon Small Mamm |    72 |    34 |    15 |     7 |       ||   128
         Call Canine Famil |     2 |    20 |    43 |    46 |    18 ||   129
         Summon Blazeheart |       |       |    18 |    51 |    40 ||   109
         Summon Lightning  |       |       |    13 |    96 |    21 ||   130
         Anguish           |       |       |       |     7 |     5 ||    12
         Martyr's Knell    |       |       |       |     3 |       ||     3
  Evoke: Wand              |       |     6 |       |     6 |     2 ||    14
    Use: Scroll            |       |       |    13 |     9 |     1 ||    23
         Potion            |       |       |       |     5 |       ||     5
   Stab: Distracted        |       |       |       |     3 |       ||     3
         Sleeping          |       |       |       |     1 |       ||     1
 Armour: Skin              |    10 |    18 |    26 |   129 |    63 ||   246
  Dodge: Dodged            |    30 |    37 |    50 |   136 |    89 ||   342
